Celery, neutral female human Priestess ----------- |.........+ |.........| |.........| |....<....| |.........| ---Y------- Y #@# # Celery the Adept Experience level: 6 Strength: 15 Dexterity: 14 Constitution: 14 Intelligence: 8 Wisdom: 18 Charisma: 10 Health: 0(42) Energy: 60(65) AC: 2 Gold: 768 Moves: 3551 Your Inventory: Coins $ - 768 gold pieces Weapons a - a blessed +1 mace (weapon in hand) Armor b - an uncursed +0 robe (being worn) c - an uncursed +0 small shield (being worn) N - an uncursed +0 elven mithril-coat (being worn) Comestibles e - an uncursed clove of garlic f - an uncursed sprig of wolfsbane I - an uncursed tripe ration J - 2 uncursed food rations Scrolls F - 2 uncursed unlabeled scrolls [of blank paper] H - an uncursed scroll labeled FNORD [of flood] Spellbooks g - an uncursed spellbook of light h - an uncursed spellbook of remove curse D - an uncursed spellbook of force bolt Potions d - 3 potions of holy water q - 2 uncursed potions of water s - an uncursed golden potion [of healing] t - an uncursed potion of gain energy u - an uncursed ruby potion [of object detection] w - a blessed golden potion [of healing] y - an uncursed white potion [of speed] z - an uncursed potion of monster detection A - a blessed squishy potion [of booze] O - a blessed luminescent potion [of levitation] Wands E - an uncursed wand of digging [0:5] Spells known in the end: Name Level Category Fail Memory a - light 1 divination 31% [|||||||.] b - remove curse 3 clerical 0% [|||||||.] c - force bolt 1 attack 31% [||||||||] Your skills at the end: Fighting Skills Weapon Skills mace [Basic / Expert] Spellcasting Skills clerical spells [Basic / Expert] Final Attributes: You were piously aligned. Hunger level was 173. Your alignment was 24 / 27. Monster difficulty range was 1 - 6. Level difficulty was 6. You were telepathic. Your luck was zero. You are dead. Vanquished creatures: an imp a rock piercer 2 yellow lights a violet fungus an elf zombie a ghoul a paper golem a little dog 3 floating eyes 2 homunculi a kobold lord 2 rothes 2 monkeys an orc zombie an iguana 4 coyotes 2 hobbits a hobgoblin 4 giant rats 4 cave spiders a yellow mold 2 gnome zombies 5 geckos 6 jackals a kobold 2 goblins 7 grid bugs a bat 4 lichens a kobold zombie 5 newts 71 creatures vanquished. Voluntary challenges: You used a wielded weapon 68 times. You read items or engraved 5 times. You put on armor 16 times. You never genocided any monsters. You never polymorphed an object. You never changed form. You used no wishes. You never wrote Elbereth's name. You never encountered a bones level. You never used any Sokoban shortcuts. Dungeon overview: The Dungeons of Doom: levels 1 to 6 Level 1 an altar to Raijin, a sink a long staircase Level 2 a long staircase Level 3 a potion shop, an altar to Raijin Level 4 an altar, a fountain Level 5 some fountains Level 6 <- You were here History has recorded: On T:1 you entered the Dungeons of Doom to retrieve the Amulet of Yendor! On T:270 you reached level 2 of The Dungeons of Doom. On T:328 you advanced to experience level 2. On T:508 you reached level 3 of The Dungeons of Doom. On T:615 you advanced to experience level 3. On T:1158 you advanced to experience level 4. On T:1740 you advanced to experience level 5. On T:1871 you reached level 4 of The Dungeons of Doom. On T:2361 you advanced to experience level 6. On T:2601 you reached level 5 of The Dungeons of Doom. On T:3538 you reached level 6 of The Dungeons of Doom. Latest messages: The ape misses God. (2x) J - an uncursed food ration. God bites the ape. The ape misses. (3x) God bites the ape. The ape hits God. The ape misses God. (2x) God misses the ape. The ape hits! (2x) The ape bites! [HP-3=11] God misses the ape. You hear a door open. You hear some noises. The spell misses the ape. The ape hits! (2x) The ape misses. [HP-5=6] You hear some noises in the distance. The ape hits! (2x) You die... Final status: Goodbye Celery the Priestess... You died in The Dungeons of Doom on dungeon level 6 with 2548 points, and 768 pieces of gold, after 3551 moves. You were level 6 with a maximum of 42 hit points when you died.